 Dungeon Crawl Stone Soup version 0.23-a0-171-g5ae17c6 (webtiles) character file.

303 Ijustatesigmund the Sneak (level 6, -3/44 HPs)
             Began as an Octopode Assassin on Sept 13, 2018.
             Slain by a hound (4 damage)
             ... on level 5 of the Dungeon.
             The game lasted 00:06:09 (3458 turns).

Ijustatesigmund the Sneak (Octopode Assassin)       Turns: 3458, Time: 00:06:10

Health: -3/44      AC:  1    Str: 11    XL:     6   Next: 38%
Magic:  6/6        EV: 18    Int: 15    God:
Gold:   105        SH:  0    Dex: 20    Spells: 5/5 levels left

rFire    . . .     SeeInvis .   a - +2 dagger (speed)
rCold    . . .     Gourm    .   (no shield)
rNeg     . . .     Faith    .   (helmet restricted)
rPois    +         Spirit   .   (no amulet)
rElec    .         Reflect  .   (no ring)
rCorr    .         Harm     .   (no ring)
MR       .....                  (no ring)
Stlth    +++++.....             (no ring)
HPRegen  0.14/turn              (no ring)
MPRegen  0.10/turn              (no ring)
                                (no ring)
                                (no ring)

@: agile, about to teleport
A: almost no armour, stealthy swim, amphibious, 8 rings, constrict 8, tentacle
spike 1, camouflage 1, clever 1, poison resistance, gelatinous body 1
a: no special abilities


You were on level 5 of the Dungeon.
You were hungry.

You visited 1 branch of the dungeon, and saw 5 of its levels.

You collected 105 gold pieces.

Inventory:

Hand Weapons
 a - a +2 dagger of speed (weapon)
 b - a +0 blowgun
 n - a +2 dagger
Missiles
 c - 23 poisoned needles
 d - 2 curare-tipped needles
 i - 2 javelins (quivered)
 l - a throwing net
Wands
 p - a wand of random effects (33)
Scrolls
 e - 4 scrolls of teleportation
 o - a scroll of magic mapping
Potions
 g - 3 potions of flight
 h - a potion of magic
 j - a potion of cancellation
 m - a potion of berserk rage {unknown}
 q - a potion of ambrosia {unknown}
 r - a potion of might {unknown}
Comestibles
 f - 8 rations


   Skills:
 + Level 4.6 Fighting
 + Level 4.6 Short Blades
 - Level 2.0 Throwing
 - Level 1.0 Dodging
 + Level 5.7 Stealth


You had 5 spell levels left.
You didn't know any spells.
Your spell library was empty.

Dungeon Overview and Level Annotations

Branches:
Dungeon (5/15)
 Temple: D:4-7

Altars:
Trog

Annotations:
D:3 2 transporters, anything's ghost, amateur KoHu


Innate Abilities, Weirdness & Mutations

You cannot wear most types of armour.
You are very stealthy in the water. (Stealth+)
You are amphibious.
You can wear up to eight rings at the same time.
You can use your tentacles to constrict eight enemies at once.
Your skin changes colour to match your surroundings (Stealth+).
Your rubbery body absorbs attacks. (AC +1, EV +1)
One of your tentacles bears a spike.
Your mind is acute. (Int +2)
Your system is resistant to poisons. (rPois)


Message History

The gnoll moves out of view.
The centaur shoots an arrow.
The arrow hits you!
The centaur shoots an arrow.
The arrow hits you!
* * * LOW HITPOINT WARNING * * *
The hound bites you.
* * * LOW HITPOINT WARNING * * *
The gnoll shouts!
You see here an arrow.
Okay, then.
You feel agile all of a sudden.
The centaur shoots an arrow.
The arrow barely misses you. The hound bites you.
* * * LOW HITPOINT WARNING * * *
As you read the scroll of teleportation, it crumbles to dust.
You feel strangely unstable. The hound barely misses you.
The centaur shoots an arrow.
The arrow closely misses you.
A gnoll comes into view. It is wielding a spear.
The hound bites you.
* * * LOW HITPOINT WARNING * * *
The hound bites you.
You die...

# ##### .# ...###.
# #######.#.. <# #
#.........###.#.###
#.......#.#........
#.######.....<..#
.........>(...###
.......(.@h...###
.........(<......
..............###
....!....."......
..............###
......cg......#
.........(....#
......gg.(....#
............#


You could see a centaur, a hound and 3 gnolls.

Vanquished Creatures
  A hound (D:5)
  3 orc wizards (D:3)
  An orc priest (D:3)
  Natasha (D:4)
  A hound skeleton (D:4)
  A gnoll (D:5)
  2 adders
  A shadow imp (D:4)
  3 dart slugs
  3 worms
  4 leopard geckos
  7 orcs (D:3)
  6 bats
  2 giant cockroaches
  3 goblins
  6 hobgoblins
  4 jackals (D:1)
  5 kobolds
  3 quokkas
  3 ball pythons
  4 frilled lizards
  2 rats
66 creatures vanquished.

Notes
Turn   | Place    | Note
-------+----------+-------------------------------------------
     0 | D:1      | Ijustatesigmund the Octopode Assassin began the quest for
                  | the Orb.
     0 | D:1      | Reached XP level 1. HP: 14/14 MP: 1/1
    85 | D:1      | Reached XP level 2. HP: 20/20 MP: 2/2
   948 | D:2      | Reached XP level 3. HP: 13/25 MP: 3/3
  1593 | D:2      | Found a bloodstained altar of Trog.
  1898 | D:3      | Reached XP level 4. HP: 28/31 MP: 4/4
  1933 | D:3      | Reached XP level 5. HP: 22/37 MP: 5/5
  2696 | D:3      | Found a transporter.
  2696 | D:3      | Noticed anything's ghost (amateur KoHu)
  2697 | D:3      | Found a transporter.
  2698 | D:3      | Noticed an ogre
  3007 | D:4      | Gained mutation: Your mind is acute. (Int +2) [potion of
                  | mutation]
  3007 | D:4      | Gained mutation: Your system is resistant to poisons.
                  | (rPois) [potion of mutation]
  3007 | D:4      | Gained mutation: One of your tentacles bears a spike.
                  | [potion of mutation]
  3060 | D:4      | Noticed Natasha
  3067 | D:4      | Killed Natasha
  3067 | D:4      | Reached XP level 6. HP: 36/44 MP: 6/6
  3443 | D:5      | Entered Level 5 of the Dungeon
  3457 | D:5      | HP: 1/44 [hound (4)]
  3458 | D:5      | Slain by a hound

Vault maps used:
D:1:      dpeg_arrival_lava_altar, nrook_loot_triangle
D:2:      eino_curves_01, trog_hazing_becter
D:3:      gammafunk_ghost_smash
D:4:      serial_bayou_lagoon_a, hangedman_decor_opposing, uniq_natasha
D:5:      first_ration, serial_shops, nicolae_shop_statue_plus

Skill      XL: |  1  2  3  4  5 |
---------------+----------------+-----
Fighting       | 3 4 |  4.6
Short Blades   | 3 4 |  4.6
Throwing       | |  2.0
Dodging        | |  1.0
Stealth        | |  5.7

Action                   |  1- 3 |  4- 6 || total
-------------------------+-------+-------++-------
Melee: Dagger            |    71 |    70 ||   141
       Constrict         |    15 |    16 ||    31
       Tentacles         |     5 |    11 ||    16
       Kick              |       |     4 ||     4
Throw: Javelin           |       |     2 ||     2
  Use: Scroll            |     5 |     3 ||     8
       Potion            |     2 |     2 ||     4
 Stab: Sleeping          |     9 |     8 ||    17
       Distracted        |     1 |       ||     1
  Eat: Chunk             |     3 |     4 ||     7
Armor: Skin              |    12 |     2 ||    14
Dodge: Dodged            |    58 |    34 ||    92

Table legend:
 A = Non-vault XP
 B = Vault XP
 C = Vault XP percentage of total XP
 D = Non-vault monster count
 E = Vault monster count
 F = Vault count percentage of total count
                 A         B        C        D         E       F
            +---------+---------+-------+---------+---------+-------
      Total |     388 |      46 |  10.6 |      59 |       7 |  10.6
            +---------+---------+-------+---------+---------+-------
        D:1 |      31 |       0 |   0.0 |      15 |       0 |   0.0
        D:2 |      32 |      11 |  25.6 |      10 |       6 |  37.5
        D:3 |     228 |       0 |   0.0 |      26 |       0 |   0.0
        D:4 |      41 |      35 |  46.1 |       6 |       1 |  14.3
        D:5 |      56 |       0 |   0.0 |       2 |       0 |   0.0
            +---------+---------+-------+---------+---------+-------
